 Dungeon Crawl Stone Soup version 0.31-a0-963-ga325b2283a (webtiles) character file.

Game seed: 9079167177084871599

2687 Azuregosa the Slicer (level 9, -5/55 (61) HPs)
             Began as an Octopode Delver on Oct 24, 2023.
             Was a Follower of Dithmenos.
             Slain by a wight
             ... wielding a +5 long sword
              (8 damage)
             ... on level 7 of the Dungeon.
             The game lasted 00:21:41 (6452 turns).

Azuregosa the Slicer (Octopode Delver)              Turns: 6452, Time: 00:21:42

HP:   -5/55 (61)    AC:  1    Str: 11    XL:     9   Next: 64%
MP:   18/18         EV: 13    Int: 14    God:    Dithmenos [*.....]
Gold: 86            SH:  5    Dex: 16    Spells: 8/8 levels left

rFire   . . .        c - +2 dagger of Noretykk {speed, Drain Fly rC+}
rCold   + . .        p - +0 buckler
rNeg    . . .        (helmet restricted)
rPois   .            (no amulet)
rElec   .            g - ring of magical power
rCorr   .            (no ring)
SInv    .            (no ring)
Will    .....        (no ring)
Stlth   +++++        (no ring)
HPRegen 0.29/turn    (no ring)
MPRegen 0.16/turn    (no ring)
                     (no ring)

%: no passive effects
@: flying, wreathed by umbra, drained
A: almost no armour, amphibious, 8 rings, camouflage 1, gelatinous body 1,
(nimble swimmer 1), tentacles
a: Renounce Religion


You were on level 7 of the Dungeon.
You worshipped Dithmenos.
Dithmenos was aware of your devotion.
You visited 1 branch of the dungeon, and saw 7 of its levels.

You collected 309 gold pieces.
You spent 223 gold pieces at shops.

Inventory:

Hand Weapons
 a - a +0 short sword
 c - the +2 dagger of Noretykk (weapon) {speed, Drain Fly rC+}
   (You found it on level 4 of the Dungeon)

   rC+:       It protects you from cold.
   Fly:       It grants you flight.
   Drain:     It drains your maximum health when unequipped.
 j - a +0 dagger of flaming
 F - a +2 dagger of protection
 J - a +0 short sword of draining
Missiles
 i - 46 stones
 m - 20 poisoned darts
 o - 6 javelins
 I - 2 boomerangs
Armour
 p - a +0 buckler (worn)
Magical Staves
 h - a staff of cold
Jewellery
 g - a ring of magical power (left tentacle)
 B - a ring of magical power
Talismans
 C - a serpent talisman
Wands
 f - a wand of digging (3)
 u - a wand of flame (21)
 x - a wand of iceblast (2)
 D - a wand of paralysis (8)
 G - a wand of acid (9)
Scrolls
 b - 2 scrolls of fog
 d - 2 scrolls of fear
 l - a scroll of acquirement {unknown}
 n - 2 scrolls of silence {unknown}
 q - a scroll of poison {unknown}
 s - 6 scrolls of teleportation
 t - 6 scrolls of identify
 w - a scroll of noise
 y - a scroll of torment {unknown}
 H - a scroll of vulnerability {unknown}
Potions
 e - 3 potions of haste
 k - 3 potions of mutation {unknown}
 r - a potion of attraction {unknown}
 v - a potion of lignification {unknown}
 z - a potion of might
 A - a potion of ambrosia {unknown}
 E - 2 potions of invisibility {unknown}
 K - 3 potions of heal wounds {unknown}


   Skills:
 - Level 5.1 Fighting
 - Level 10.0 Short Blades
 - Level 2.0 Dodging
 - Level 6.6 Stealth
 - Level 5.4 Shields
 + Level 4.9 Evocations


You had 8 spell levels left.
You didn't know any spells.
Your spell library contained the following spells:

 Spells                   Type           Power      Damage    Failure   Level
 Hailstorm                Conj/Ice       0%         3d3       75%         3
 Summon Ice Beast         Ice/Summ       0%         N/A       98%         4
 Simulacrum               Ice/Necr       0%         N/A       100%        6


Dungeon Overview and Level Annotations

Branches:
Dungeon (7/15)             Temple (0/1) D:4

Altars:
Ashenzari
Dithmenos
Fedhas
Kikubaaqudgha
Okawaru
Wu Jian

Shops:
D:4 *

Annotations:
D:6 3 runed translucent doors, lastchild's ghost, novice OpSh


Innate Abilities, Weirdness & Mutations

You cannot wear most types of armour.
You are amphibious.
You can wear up to eight rings at the same time.
Your skin changes colour to match your surroundings (Stealth+).
Your rubbery body absorbs attacks. (AC +1, EV +1)
((You are camouflaged when in or above water. (Stealth+)))
You have tentacles for arms and can constrict up to eight enemies at once.


Message History

You squeeze the wight!
You destroy the wight!
Dithmenos accepts your kill.
A wight comes into view. It is wielding a +1 great sword.
Things that are here:
a +1 morningstar; a +0 robe A wight comes into view.
It is wielding a +3 halberd.
A wight comes into view. It is wielding a +5 long sword.
The helpless wight fails to defend itself.
You skewer the wight like a kebab!!!
You destroy the wight!
Dithmenos accepts your kill.
The wight hits you with a +5 long sword!
You feel drained.
You barely miss the wight. Your grab misses the wight.
Your squeeze misses the wight. You barely miss the wight. You grab the wight.
You constrict the wight. The wight completely misses you.
The wight hits you with a +5 long sword!
You feel drained.
You hit the wight.
The wight is lightly damaged.
You constrict the wight, but do no damage.
You hit the wight.
The wight is lightly damaged.
You constrict the wight, but do no damage.
You hit the wight.
The wight is moderately damaged.
You constrict the wight, but do no damage.
The wight hits you from afar with a +3 halberd!
The wight barely misses you.
You hit the wight.
You squeeze the wight, but do no damage.
The wight is moderately damaged.
You constrict the wight, but do no damage.
You release your grip on the wight.
The wight attacks as it pursues you!
The wight hits you with a +5 long sword!!
* * * LOW HITPOINT WARNING * * *
You feel drained.
You die...

## #. ###.####
#...z..###
#..z.)..#
#..#@..####
####...##.### ..
#...#....##.
##.........
##.#..#..#
#..)..#..# #
#.##..#..## .##.#
...
#....<.#......
...[..#........##


You could see 2 wights.

Vanquished Creatures
  Pikel (D:5)
  Grinder (D:6)
  Sigmund (D:3)
  Eustachio (D:5)
  Duvessa (D:6)
  A water moccasin (D:5)
  2 ice beasts
  An ogre (D:3)
  2 centaurs
  A phantom (D:4)
  4 lemures (D:5)
  A bullfrog (D:4)
  4 scorpions
  2 wights (D:7)
  Dowan (D:6)
  A hound (D:6)
  2 jellies (D:4)
  4 iguanas
  A sleepcap (D:5)
  A scorpion zombie (D:4)
  A hound zombie (D:4)
  2 hound skeletons (D:4)
  A howler monkey skeleton (D:4)
  13 adders
  2 white imps
  2 ufetubi (D:6)
  6 adder zombies (D:4)
  2 worms (D:2)
  4 dart slugs
  8 orcs
  8 endoplasms
  3 giant cockroaches
  5 hobgoblins
  7 jackals
  7 kobolds
  3 quokkas
  4 ball pythons
  9 bats
  6 frilled lizards
  15 goblins
  A rat (D:1)
142 creatures vanquished.

Notes
Turn   | Place    | Note
-------+----------+-------------------------------------------
     0 | D:5      | Azuregosa the Octopode Delver began the quest for the Orb.
     0 | D:5      | Reached XP level 1. HP: 16/16 MP: 1/1
    20 | D:5      | Found an ancient bone altar of Kikubaaqudgha.
    27 | D:4      | Noticed a scorpion
    41 | D:4      | Reached XP level 2. HP: 20/22 MP: 2/2
    49 | D:4      | Killed a scorpion
    50 | D:4      | Reached skill level 5 in Fighting
    50 | D:4      | Reached XP level 3. HP: 12/29 MP: 3/3
    50 | D:4      | Reached XP level 4. HP: 14/35 MP: 4/4
   190 | D:4      | Identified the +2 dagger of Noretykk {speed, Drain Fly rC+}
   495 | D:1      | Reached XP level 5. HP: 39/39 MP: 5/5
   777 | D:2      | Reached skill level 3 in Short Blades
  1444 | D:3      | Noticed Sigmund
  1665 | D:3      | Reached skill level 4 in Short Blades
  1793 | D:4      | Noticed a phantom
  1933 | D:4      | Reached XP level 6. HP: 32/45 MP: 6/6
  2187 | D:4      | Reached skill level 5 in Short Blades
  2398 | D:4      | Reached skill level 6 in Short Blades
  2398 | D:4      | Reached XP level 7. HP: 9/50 MP: 7/7
  2567 | D:4      | Found Ene Keolero's General Store.
  2570 | D:4      | Bought a scroll of teleportation for 39 gold pieces
  2570 | D:4      | Bought a scroll of noise for 13 gold pieces
  2570 | D:4      | Bought a scroll of identify for 26 gold pieces
  2570 | D:4      | Bought a wand of iceblast (3) for 93 gold pieces
  2570 | D:4      | Bought a potion of might for 52 gold pieces
  2622 | D:4      | Found a staircase to the Ecumenical Temple.
  3087 | D:5      | Reached skill level 7 in Short Blades
  3153 | D:3      | Killed Sigmund
  3279 | D:3      | Reached XP level 8. HP: 54/55 MP: 8/8
  3487 | D:3      | Found an iron altar of Okawaru.
  3624 | D:3      | Reached skill level 8 in Short Blades
  3904 | D:5      | Found a shadowy altar of Dithmenos.
  3904 | D:5      | Found a broken altar of Ashenzari.
  3909 | D:5      | Became a worshipper of Dithmenos the Shadowed
  3981 | D:5      | Noticed Eustachio
  4003 | D:5      | Killed Eustachio
  4165 | D:5      | Reached skill level 9 in Short Blades
  4541 | D:6      | Noticed Pikel
  4630 | D:6      | Found a blossoming altar of Fedhas.
  4958 | D:6      | Reached skill level 10 in Short Blades
  4985 | D:6      | Reached skill level 1 in Shields
  5039 | D:6      | Noticed Duvessa
  5039 | D:6      | Noticed Dowan
  5045 | D:6      | Reached * piety under Dithmenos
  5070 | D:6      | Killed Dowan
  5077 | D:6      | Killed Duvessa
  5078 | D:6      | Reached XP level 9. HP: 16/61 MP: 9/9
  5249 | D:6      | Noticed Grinder
  5259 | D:6      | Killed Grinder
  5314 | D:6      | Found an ornate altar of the Wu Jian Council.
  5422 | D:6      | Found a runed translucent gate.
  5423 | D:6      | Found a runed translucent gate.
  5424 | D:6      | Found a runed translucent gate.
  5425 | D:6      | Noticed lastchild's ghost (novice OpSh)
  5484 | D:6      | Reached skill level 5 in Shields
  6239 | D:5      | Killed Pikel
  6452 | D:7      | Slain by a wight

Illustrated notes

Levels and vault maps discovered:
D:1:      dpeg_arrival_simpleton_c, layout_rooms, minmay_pentomino_o4
D:2:      layout_basic
D:3:      layout_basic, okawaru_gym_becter, kennysheep_donut,
          minmay_ogre_servants, uniq_sigmund
D:4:      layout_rooms, minmay_temple_entry_poolview, serial_undead,
          serial_undead_c, serial_undead_a, serial_undead_f, serial_undead_c,
          serial_undead_f, amcnicky_mini_pool_small, minivault_26,
          minmay_shop_grid_forest, nicolae_tricolors
D:5:      layout_loops_corners, mainiacjoe_overflow_catwalk,
          gammafunk_temple_overflow_statue, hangedman_abyss_or_decor_passed,
          grunt_decor_fettered, minmay_chambers_of_fives, uniq_eustachio
D:6:      layout_loops_corners, mainiacjoe_overflow_alcove_1,
          nzn_wu_jian_council_hall, ebering_ghost_rock_garden,
          minmay_misc_feat_four_crosses, roderic_batcave, kennysheep_path_1,
          uniq_pikel, uniq_grinder, uniq_duvessa
D:7:      layout_cave_pools, nicolae_qazlal_eye_of_the_storm, st_stairs_14,
          nrook_loot_triangle

Skill      XL: |  1  2  3  4  5  6  7  8  9 |
---------------+----------------------------+-----
Fighting       | 5 |  5.1
Short Blades   | 4 6 7 10 | 10.0
Shields        | 3 5 |  5.4
Evocations     | 4 |  4.9
Dodging        | |  2.0
Stealth        | |  6.6

Action                     |  1- 3 |  4- 6 |  7- 9 || total
---------------------------+-------+-------+-------++-------
  Melee: Short sword       |    14 |     5 |       ||    19
         Tentacles         |    10 |    42 |    94 ||   146
         Constrict         |     3 |    32 |    40 ||    75
         Dagger            |       |   174 |   264 ||   438
         Punch             |       |     1 |    11 ||    12
  Throw: Stone             |       |     1 |       ||     1
  Evoke: Wand              |       |       |    18 ||    18
    Use: Scroll            |     1 |     1 |     1 ||     3
   Stab: Sleeping          |       |    23 |    15 ||    38
         Distracted        |       |       |     1 ||     1
 Armour: Skin              |     5 |    53 |    78 ||   136
  Dodge: Dodged            |     7 |    50 |    57 ||   114
  Block: Buckler           |       |     5 |    31 ||    36

Table legend: (Time is in decaauts)
 A = Elapsed time spent in this place.
 B = Non-inter-level travel time spent in this place.
 C = Inter-level travel time spent in this place.
 D = Time resting spent in this place.
 E = Time spent auto-exploring this place.
 F = Levels seen in this place.
 G = Mean time per level.
                   A        B        C        D        E       F      G
               +--------+--------+--------+--------+--------+-----+--------+
         Total |   6225 |   6097 |    128 |   1643 |   2967 |   7 |  889.3 |
       Dungeon |   6225 |   6097 |    128 |   1643 |   2967 |   7 |  889.3 |
               +--------+--------+--------+--------+--------+-----+--------+

Top non-repeatable levels by time:
     D:5: 1497 daAuts
     D:6: 1359 daAuts
     D:4: 1234 daAuts
     D:3: 1111 daAuts
     D:2: 621 daAuts
     D:1: 380 daAuts
     D:7: 21 daAuts
